 Dungeon Crawl Stone Soup version 0.31-a0-986-g5e6e4ef867 (webtiles) character file.

Game seed: 4191252329939856112

135 wildpjah the Stinger (level 5, -1/44 HPs)
             Began as a Naga Venom Mage on Nov 18, 2023.
             Killed from afar by Grinder (9 damage)
             ... with a puff of flame
             ... on level 3 of the Dungeon.
             The game lasted 00:09:08 (2726 turns).

wildpjah the Stinger (Naga Venom Mage)              Turns: 2726, Time: 00:09:09

Health: -1/44      AC:  3    Str: 10    XL:     5   Next: 18%
Magic:  0/9        EV: 10    Int: 16    God:
Gold:   138        SH:  0    Dex: 13    Spells: 7/10 levels left

rFire   . . .        o - +2 dagger (speed)
rCold   . . .        (no shield)
rNeg    + . .        a - +0 robe
rPois   +            (no helmet)
rElec   .            h - +0 cloak
rCorr   .            (no gloves)
SInv    +            (no barding)
Will    .....        (no amulet)
Stlth   ++           c - ring of positive energy
HPRegen 0.27/turn    (no ring)
MPRegen 0.11/turn

%: no passive effects
@: very slightly contaminated, very slow
A: AC +1, large, see invisible, deformed body, poison resistance, slowness 2,
spit poison 1, naga tail 1
a: Spit Poison


You were on level 3 of the Dungeon.
You visited 1 branch of the dungeon, and saw 3 of its levels.

You collected 138 gold pieces.

Inventory:

Hand Weapons
 d - a +0 rapier
 g - a +0 falchion
 o - a +2 dagger of speed (weapon)
Armour
 a - a +0 robe (worn)
 h - a +0 cloak (worn)
Jewellery
 c - a ring of positive energy (left hand)
Scrolls
 f - a scroll of immolation {unknown}
 l - 3 scrolls of amnesia {unknown}
 n - a scroll of summoning {unknown}
 r - a scroll of vulnerability {unknown}
Potions
 b - a potion of magic
 e - 2 potions of brilliance {unknown}
 i - a potion of heal wounds {unknown}
 j - a potion of enlightenment {unknown}
 k - a potion of might {unknown}
 m - a potion of cancellation {unknown}
 p - a potion of invisibility {unknown}
 q - a potion of berserk rage {unknown}
 s - a potion of resistance {unknown}


   Skills:
 * Level 1.2 Fighting
 * Level 0.3(1.1) Short Blades
 + Level 1.6(1.7) Long Blades
 + Level 2.0 Dodging
 + Level 3.5 Stealth
 + Level 3.1 Spellcasting
 + Level 1.8 Transmutations
 + Level 4.3 Poison Magic


You had 7 spell levels left.
You knew the following spells:

 Your Spells              Type           Power      Damage    Failure   Level
a - Sting                 Tmut/Pois      48%        1d5       5%          1
b - Poisonous Vapours     Pois/Air       18%        N/A       12%         2

Your spell library contained the following spells:

 Spells                   Type           Power      Damage    Failure   Level
 Mephitic Cloud           Conj/Pois/Air  7%         N/A       30%         3
 Olgreb's Toxic Radiance  Pois           16%        N/A       30%         4


Dungeon Overview and Level Annotations

Branches:
Dungeon (3/15)

Altars:

Annotations:
D:3 Grinder


Innate Abilities, Weirdness & Mutations

Your serpentine skin is tough. (AC +1)
You have supernaturally acute eyesight. (SInv)
Armour fits poorly on your strangely shaped body.
Your system is resistant to poisons. (rPois)
You cover ground very slowly.
You can spit poison.
You have a snake-like lower body.


Message History

Aim: Grinder, carrying a wand of flame (moderately wounded, very poisoned, 68% to hit)
The sting misses Grinder.
Casting: Sting (safe; 5% risk of failure)
Confirm with . or Enter, or press ? or * to list all spells.
You can't see any susceptible monsters within range! (Use Z to cast anyway.)
Aiming: Sting (safe; 5% risk of failure)
Press: ? - help, Q - select action, (/) - cycle Shift-Dir - straight line, f/p - Grinder
Aim: Grinder, carrying a wand of flame (moderately wounded, very poisoned, 68% to hit)
The sting misses Grinder.
Grinder gestures at you. Pain shoots through your body!
You hit Grinder.
Grinder is moderately wounded.
Grinder zaps a wand.
The puff of flame hits you!
You barely miss Grinder.
Grinder is moderately wounded.
Grinder hits you.
Aiming: Sting (safe; 5% risk of failure)
Press: ? - help, Q - select action, (/) - cycle Shift-Dir - straight line, f/p - Grinder
Aim: Grinder, carrying a wand of flame (moderately wounded, poisoned, 68% to hit)
The sting hits Grinder.
Grinder looks even sicker.
Grinder is heavily wounded.
Grinder blinks!
Aiming: Sting (safe; 5% risk of failure)
Press: ? - help, Q - select action, (/) - cycle Shift-Dir - straight line, f/p - Grinder
Aim: Grinder, carrying a wand of flame (heavily wounded, very poisoned, 68% to hit)
You miscast Sting.
Nothing appears to happen.
You completely miss Grinder.
Grinder is heavily wounded.
Aiming: Sting (safe; 5% risk of failure)
Press: ? - help, Q - select action, (/) - cycle Shift-Dir - straight line, f/p - Grinder
Aim: Grinder, carrying a wand of flame (heavily wounded, very poisoned, 68% to hit)
The sting misses Grinder.
Grinder zaps a wand.
The puff of flame hits you!
* * * LOW HITPOINT WARNING * * *
You closely miss Grinder.
Grinder is heavily wounded.
Grinder zaps a wand.
The puff of flame hits you!
You die...
Grinder says, "Now the real fun starts!"

##..## ###.# ##..# ...#
#.# #....
.#########.####..#
.####...........# #
...<........#.### .#
.##...#####.#.#####.####
.##.### #....#.......#
<...# ###..........#
..### ##.#@5.....# .##
#.#.......# ..
#.#....#### ### #.#.##.#
....# .# ....# # ###.#
#.#


You could see Grinder (very poisoned).

Vanquished Creatures
  Robin (D:2)
  5 adders
  2 dart slugs
  6 bats
  3 endoplasms
  5 giant cockroaches
  14 goblins
  9 hobgoblins
  4 jackals (D:1)
  6 kobolds
  3 quokkas
  A ball python (D:3)
  3 frilled lizards
  7 rats
69 creatures vanquished.

Notes
Turn   | Place    | Note
-------+----------+-------------------------------------------
     0 | D:1      | wildpjah the Naga Venom Mage began the quest for the Orb.
     0 | D:1      | Reached XP level 1. HP: 15/15 MP: 3/3
   228 | D:1      | Reached XP level 2. HP: 22/22 MP: 3/5
   850 | D:1      | Reached XP level 3. HP: 27/28 MP: 3/6
   903 | D:1      | Found a faded altar of an unknown god.
  1551 | D:2      | Reached skill level 1 in Fighting
  1551 | D:2      | Reached XP level 4. HP: 24/38 MP: 3/8
  1688 | D:2      | Reached skill level 1 in Long Blades
  1886 | D:2      | Noticed Robin
  1901 | D:2      | Killed Robin
  2436 | D:2      | Reached XP level 5. HP: 42/44 MP: 6/9
  2704 | D:3      | Noticed Grinder
  2709 | D:3      | Learned a level 2 spell: Poisonous Vapours
  2726 | D:3      | Killed from afar by Grinder

Illustrated notes

Levels and vault maps discovered:
D:1:      mrwooster_arrival_statue, layout_basic,
          hellmonk_ecumenical_altar_arch_garden, minmay_tetromino_l2
D:2:      layout_basic, grunt_decor_clamped, uniq_robin
D:3:      layout_rooms, kennysheep_generic_room_14, uniq_grinder, uniq_ijyb

Skill      XL: |  1  2  3  4  5 |
---------------+----------------+-----
Fighting       | 1 |  1.2
Long Blades    | 1 |  1.6
Spellcasting   | 3 |  3.1
Dodging        | 2 |  2.0
Short Blades   | |  0.3
Stealth        | |  3.5
Transmutations | |  1.8
Poison Magic   | |  4.3

Action                     |  1- 3 |  4- 6 || total
---------------------------+-------+-------++-------
  Melee: Unarmed           |    24 |       ||    24
         Rapier            |    18 |       ||    18
         Falchion          |    41 |    24 ||    65
         Punch             |     1 |       ||     1
         Dagger            |       |    27 ||    27
   Cast: Sting             |    46 |    39 ||    85
Ability: Spit Poison       |     1 |     1 ||     2
   Stab: Sleeping          |     1 |     1 ||     2
 Armour: Robe              |    97 |    38 ||   135
  Dodge: Dodged            |    85 |    32 ||   117

Table legend: (Time is in decaauts)
 A = Elapsed time spent in this place.
 B = Non-inter-level travel time spent in this place.
 C = Inter-level travel time spent in this place.
 D = Time resting spent in this place.
 E = Time spent auto-exploring this place.
 F = Levels seen in this place.
 G = Mean time per level.
                   A        B        C        D        E       F      G
               +--------+--------+--------+--------+--------+-----+--------+
         Total |   3388 |   3346 |     42 |      0 |   2733 |   3 | 1129.3 |
       Dungeon |   3388 |   3346 |     42 |      0 |   2733 |   3 | 1129.3 |
               +--------+--------+--------+--------+--------+-----+--------+

Top non-repeatable levels by time:
     D:1: 1625 daAuts
     D:2: 1509 daAuts
     D:3: 253 daAuts
